 Dungeon Crawl Stone Soup version 0.18-a0-1628-g61c6396 (webtiles) character file.

1002 dohliylev the Covert (level 8, 0/58 HPs)
             Began as a Vampire Assassin on Mar 25, 2016.
             Was an Initiate of Dithmenos.
             Slain by a wight
             ... wielding a +2 short sword
              (4 damage)
             ... on level 6 of the Dungeon.
             The game lasted 00:29:29 (4516 turns).

dohliylev the Covert (Vampire Assassin)             Turns: 4516, Time: 00:29:30

Health: 0/58       AC:  7    Str: 10    XL:     8   Next: 0%
Magic:  8/8        EV: 16    Int: 14    God:    Dithmenos [......]
Gold:   187        SH:  0    Dex: 17    Spells: 0 memorised, 7 levels left

rFire  . . .     SeeInvis +     a - +3 dagger
rCold  . . .     Gourm    .     q - +2 robe {rN+}
rNeg   + + .     Faith    .     (no shield)
rPois  .         Spirit   .     u - +2 hat
rElec  .         Dismiss  .     d - +0 cloak
rCorr  .         Reflect  .     (no gloves)
SustAt .         Harm     .     (no boots)
MR     .....                    (no amulet)
Stlth  +++++.....               (no ring)
                                (no ring)

@: not resistant to hostile enchantments, quite stealthy
A: fangs 3, see invisible, unbreathing
a: Bat Form, Renounce Religion


You were on level 6 of the Dungeon.
You worshipped Dithmenos.
Dithmenos was noncommittal.
You were not thirsty.

You visited 2 branches of the dungeon, and saw 7 of its levels.

You collected 187 gold pieces.

Inventory:

Hand Weapons
 a - a +3 dagger (weapon)
 b - a +0 blowgun
Missiles
 e - 19 poisoned needles
 f - 2 curare-tipped needles
Armour
 d - a +0 cloak (worn)
 q - a +2 robe of positive energy (worn)
 u - a +2 hat (worn)
Scrolls
 k - a scroll of enchant weapon
 l - a scroll of fog
 n - 3 scrolls of remove curse
 o - 3 scrolls of identify
 p - 2 scrolls of random uselessness
Potions
 g - 9 potions of blood
 i - a potion of brilliance {unknown}
 m - a potion of berserk rage {unknown}
 s - 2 potions of invisibility {unknown}
 t - a potion of cure mutation {unknown}
 w - a potion of magic {unknown}
 x - a potion of agility {unknown}
Books
 v - a book of Unlife

   Spells                             Type                      Level
   a - Recall                         Summoning/Translocation      3
   b - Animate Dead                   Necromancy                   4
   c - Control Undead                 Necromancy                   4
   d - Cigotuvi's Embrace             Necromancy                   5
   e - Death Channel                  Necromancy                   6
   f - Simulacrum                     Ice/Necromancy               6


   Skills:
 * Level 3.0 Fighting
 + Level 3.4 Short Blades
 + Level 3.3 Throwing
 + Level 5.5 Dodging
 + Level 10.4 Stealth


You had 7 spell levels left.
You didn't know any spells.

Dungeon Overview and Level Annotations

Branches:
Dungeon (6/15)             Temple (1/1) D:5

Altars:
Ashenzari
Dithmenos
Elyvilon
Fedhas
Gozag
Kikubaaqudgha
Makhleb
Nemelex Xobeh
Okawaru
Qazlal
Ru
Trog
Vehumet
Yredelemnul
Zin


Innate Abilities, Weirdness & Mutations

You have razor-sharp teeth.
You have supernaturally acute eyesight.
You can survive without breathing.


Message History

You completely miss the wight.
The wight is moderately damaged.
The wight misses you.
The wight hits you with an enchanted short sword.
* * * LOW HITPOINT WARNING * * *
You hit the wight.
The wight is heavily damaged.
You hit the wight.
The wight is heavily damaged.
The wight barely misses you. The wight closely misses you.
You puncture the wight! You bite the wight, but do no damage.
The wight is almost destroyed.
The wight hits you with an enchanted short sword.
* * * LOW HITPOINT WARNING * * *
The wight hits you with an enchanted halberd.
* * * LOW HITPOINT WARNING * * *
You barely miss the wight.
The wight is almost destroyed.
The wight hits you with an enchanted short sword.
You die...

### ..
######.
......§####
#...o§).#
#.##§##z#
#. #z# ..
#@# ##. #z#
#. #Z# #.
#.# .. ..#
... ###


You could see 3 wights and a hound zombie.

Vanquished Creatures
  3 ogres
  Blork the orc (D:4)
  2 howler monkeys
  A giant frog zombie (D:5)
  3 hounds
  A centaur zombie (D:5)
  A giant frog skeleton (D:5)
  4 orc wizards
  3 iguanas (D:4)
  2 worker ants
  10 adders
  A worm (D:3)
  6 giant geckos
  11 orcs
  6 giant cockroaches
  9 goblins
  7 hobgoblins
  A jackal (D:4)
  4 bats
  4 giant newts
  A jackal skeleton (D:4)
  5 kobolds
  8 rats
94 creatures vanquished.

Notes
Turn   | Place    | Note
--------------------------------------------------------------
     0 | D:1      | dohliylev the Vampire Assassin began the quest for the Orb.
     0 | D:1      | Reached XP level 1. HP: 16/16 MP: 1/1
    44 | D:1      | Reached skill level 6 in Stealth
   213 | D:1      | Reached XP level 2. HP: 22/22 MP: 2/2
   464 | D:1      | Reached skill level 7 in Stealth
   895 | D:2      | Reached XP level 3. HP: 2/27 MP: 3/3
   895 | D:2      | HP: 1/27 [poisoned by an adder]
  1307 | D:2      | Reached XP level 4. HP: 29/33 MP: 4/4
  1740 | D:3      | Reached skill level 8 in Stealth
  1816 | D:3      | Found an iron altar of Okawaru.
  1827 | D:3      | Noticed an ogre
  1850 | D:3      | Killed an ogre
  1850 | D:3      | Reached XP level 5. HP: 23/38 MP: 5/5
  2328 | D:4      | Reached skill level 9 in Stealth
  2433 | D:4      | Noticed Blork the orc
  2440 | D:4      | Killed Blork the orc
  2440 | D:4      | Reached XP level 6. HP: 44/46 MP: 6/6
  2625 | D:4      | Reached skill level 10 in Stealth
  2769 | D:4      | Reached XP level 7. HP: 36/51 MP: 7/7
  2905 | D:4      | Found a shattered altar of Ashenzari.
  3248 | D:4      | Found an opulent altar of Gozag.
  3609 | D:5      | Entered Level 5 of the Dungeon
  3737 | D:5      | Found a staircase to the Ecumenical Temple.
  3747 | Temple   | Entered the Ecumenical Temple
  3980 | Temple   | Became a worshipper of Dithmenos the Shadowed
  4204 | D:5      | Reached skill level 5 in Dodging
  4507 | D:6      | Reached XP level 8. HP: 11/58 MP: 8/8
  4516 | D:6      | Slain by a wight

Vault maps used:
D:1:      sevenhm_arrival_forest_fort_large_4, st_stairs_4
D:2:      nicolae_overflow_hidden_temple
D:3:      okawaru_ov_weapons_minmay
D:4:      minmay_door_path, kennysheep_mini, kennysheep_mini_moat, first_bread,
          st_stairs_1, uniq_blork_the_orc
D:5:      gammafunk_temple_overflow_elements, minmay_temple_entry_glass,
          st_stairs_12, lemuel_flamethrower_2
D:6:      elyvilon_altar_3
Temple:   eino_temple_water_12

Skill      XL: |  1  2  3  4  5  6  7 |
---------------+----------------------+-----
Stealth        | 6 7 8 9 10 | 10.4
Dodging        | 2 3 5 |  5.5
Fighting       | 2 3 |  3.0
Throwing       | 2 3 |  3.3
Short Blades   | 3 |  3.4

Action                   |  1- 3 |  4- 6 |  7- 9 || total
-------------------------+-------+-------+-------++-------
Melee: Dagger            |    78 |   100 |   154 ||   332
 Fire: Blowgun           |     8 |    37 |    14 ||    59
 Abil: End Transformatio |       |       |     5 ||     5
       Bat Form          |       |       |     5 ||     5
  Use: Potion            |     1 |       |     5 ||     6
       Scroll            |       |       |     7 ||     7
 Stab: Sleeping          |    14 |     9 |     8 ||    31
       Distracted        |       |     1 |       ||     1
  Eat: Corpse            |       |       |     2 ||     2
